 Dungeon Crawl Stone Soup version 0.25.1-2-g60ff931df9 (webtiles) character file.

Game seed: 17897895896260899441

1430 Acheron the Firebug (level 8, -1/63 HPs)
             Began as a Hill Orc Fire Elementalist on Sept 9, 2020.
             Was a Believer of Okawaru.
             Slain by a warg (6 damage)
             ... on level 7 of the Dungeon on Sept 11, 2020.
             The game lasted 01:11:14 (9150 turns).

Acheron the Firebug (Hill Orc Fire Elementalist)    Turns: 9150, Time: 01:11:14

Health: -1/63      AC: 12    Str: 17    XL:     8   Next: 73%
Magic:  5/12       EV: 13    Int: 17    God:    Okawaru [**....]
Gold:   423        SH:  0    Dex: 11    Spells: 4/13 levels left

rFire    . . .     SeeInvis .   y - +1 mace (protect)
rCold    . . .     Gourm    .   (no shield)
rNeg     . . .     Faith    .   a - +0 robe
rPois    .         Spirit   .   d - +0 helmet
rElec    .         Reflect  .   l - +1 cloak
rCorr    .         Harm     .   (no gloves)
MR       .....                  (no boots)
Stlth    ++........             (no amulet)
HPRegen  0.20/turn              q - +6 ring of strength
MPRegen  0.13/turn              (no ring)

@: protection aura, very slightly contaminated
A: no striking features
a: Heroism, Renounce Religion


You were on level 7 of the Dungeon.
You worshipped Okawaru.
Okawaru was pleased with you.
You were not hungry.

You visited 2 branches of the dungeon, and saw 9 of its levels.

You collected 423 gold pieces.

Inventory:

Hand Weapons
 i - a +1 short sword
 n - a +0 hand axe
 p - a +2 dagger of electrocution
 t - a +0 rapier
 y - a +1 mace of protection (weapon)
Missiles
 h - 224 stones
 k - an atropa-tipped dart
 w - 26 sling bullets
 B - 4 silver boomerangs (quivered)
Armour
 a - a +0 robe (worn)
 d - a +0 helmet (worn)
 l - a +1 cloak (worn)
Jewellery
 q - a +6 ring of strength (left hand)
Wands
 x - a wand of clouds (5)
Scrolls
 e - 2 scrolls of fog
 f - 4 scrolls of remove curse
 g - 6 scrolls of identify
 r - 3 scrolls of enchant weapon
 s - 2 scrolls of teleportation
Potions
 b - a potion of magic
 j - 4 potions of lignification
 v - 2 potions of heal wounds
 z - 3 potions of brilliance
Comestibles
 c - 13 rations


   Skills:
 * Level 3.0 Fighting
 + Level 3.0 Short Blades
 * Level 1.3(1.7) Axes
 + Level 1.2(1.4) Maces & Flails
 * Level 2.2 Throwing
 * Level 2.0 Armour
 * Level 2.9 Dodging
 * Level 3.1 Stealth
 * Level 3.1 Spellcasting
 * Level 3.1 Conjurations
 * Level 1.8 Hexes
 * Level 2.8 Summonings
 * Level 4.7 Fire Magic
 * Level 1.8 Invocations
 * Level 1.3 Evocations


You had 4 spell levels left.
You knew the following spells:

 Your Spells              Type           Power        Failure   Level  Hunger
a - Foxfire               Conj/Fire      ###.         3%          1    None
b - Magic Dart            Conj           ##..         4%          1    None
c - Call Imp              Summ           ##......     9%          2    ##.....
d - Slow                  Hex            #.......     12%         2    ##.....
e - Conjure Flame         Conj/Fire      ###.....     10%         3    ###....

Your spell library contained the following spells:

 Spells                   Type           Power        Failure   Level  Hunger
 Inner Flame              Hex/Fire       ##......     13%         3    ###....
 Confusing Touch          Hex            #.......     24%         3    ###....
 Blink                    Tloc           N/A          26%         2    ##.....
 Mephitic Cloud           Conj/Pois/Air  #.......     32%         3    ###....
 Sticky Flame             Conj/Fire      ###.....     32%         4    ####...
 Gell's Gravitas          Tloc           #.........   45%         3    ###....
 Petrify                  Tmut/Erth      #.......     86%         4    ####...
 Fireball                 Conj/Fire      ###.......   67%         5    ######.
 Metabolic Englaciation   Hex/Ice        #.........   97%         5    ######.
 Yara's Violent Unravell  Hex/Tmut       #.........   97%         5    ######.


Dungeon Overview and Level Annotations

Branches:
Dungeon (8/15)             Temple (1/1) D:6
   Lair: D:8-11

Altars:
Ashenzari
Cheibriados
Dithmenos
Elyvilon
Fedhas
Gozag
Kikubaaqudgha
Makhleb
Nemelex Xobeh
Okawaru
Qazlal
Ru
Sif Muna
Trog
Uskayaw
Vehumet
Wu Jian
Xom
Yredelemnul
Zin
The Shining One

Annotations:
D:2 exclusion: downstairs, Terence
D:5 exclusion: 2 downstairs
D:7 exclusion: upstairs


Message History

The warg misses you.
You hit the warg.
The warg is heavily wounded.
The warg misses you. The warg bites you but does no damage.
You hit the warg.
The warg is heavily wounded.
You feel like a meek peon again. The warg bites you!
* * * LOW HITPOINT WARNING * * *
Casting: Call Imp (safe; 9% risk of failure)
Confirm with . or Enter, or press ? or * to list all spells.
You miscast Call Imp.
You are very lightly contaminated with residual magic.
Nothing appears to happen.
The warg bites you!
* * * LOW HITPOINT WARNING * * *
Casting: Call Imp (safe; 9% risk of failure)
Confirm with . or Enter, or press ? or * to list all spells.
A beastly little devil appears in a puff of frigid air.
The warg bites you.
You die...

#(###.........?..# #.#
#............##
..###.............###
>..#####............ ....#
#...........#
H.##...#...#.....## .##
#########...## .#
#######5#######
.#######.(..)..h@....#
......##K#####†#####.#
.####.##.# #.# #.# ## ...##
##.# ##.# #.# .# ....#.##.#
#..# #.# #.## ....#.##K####(##
#.# K.. _..........##.# #.# ..#
....#.##.#.##.# #.# ..#
....#.##....#.######.#####..###


You could see a warg and a friendly white imp (summoned).

Vanquished Creatures
  A hungry ghost (D:7)
  An orc warrior (D:7)
  An ogre (D:3)
  A black bear (D:7)
  A centaur (D:6)
  A big kobold (D:7)
  3 bullfrogs (D:7)
  A howler monkey (D:7)
  A crimson imp (D:6)
  A quasit (D:7)
  3 hounds
  An orc wizard (D:4)
  2 worker ants (D:4)
  A hound zombie (D:5)
  A hound skeleton (D:4)
  4 gnolls
  5 adders
  5 oozes
  3 dart slugs
  A leopard gecko (D:5)
  9 orcs
  2 giant cockroaches (D:1)
  8 hobgoblins
  2 jackals (D:4)
  A quokka (D:2)
  A ball python (D:3)
  8 bats
  4 frilled lizards
  A goblin (D:2)
  A jackal skeleton (D:5)
  10 kobolds
  A leopard gecko zombie (D:6)
  4 rats
90 creatures vanquished.

Vanquished Creatures (collateral kills)
  A warg (D:7)
  A black bear (D:6)
  A bullfrog (D:7)
  2 howler monkeys
  2 crimson imps
  A shadow imp (D:7)
  An adder zombie (D:6)
  A leopard gecko (D:6)
  3 orcs
  3 kobolds (D:7)
  A quokka (D:5)
17 creatures vanquished.

Vanquished Creatures (others)
  128 foxfires
128 creatures vanquished.

Grand Total: 235 creatures vanquished

Notes
Turn   | Place    | Note
-------+----------+-------------------------------------------
     0 | D:1      | Acheron the Hill Orc Fire Elementalist began the quest for
                  | the Orb.
     0 | D:1      | Reached XP level 1. HP: 14/14 MP: 3/3
   460 | D:1      | Reached XP level 2. HP: 20/20 MP: 2/4
   877 | D:1      | Reached XP level 3. HP: 17/26 MP: 1/5
  1347 | D:2      | Noticed Terence
  1410 | D:2      | Learned a level 1 spell: Magic Dart
  1413 | D:2      | Learned a level 2 spell: Call Imp
  1453 | D:3      | Noticed a +0 hand axe
  1453 | D:3      | Noticed a +0 dagger
  1454 | D:3      | Found a hide-covered altar of Uskayaw.
  1525 | D:2      | Found a glowing silver altar of Zin.
  2289 | D:3      | Reached XP level 4. HP: 23/34 MP: 6/6
  2919 | D:4      | Reached skill level 1 in Short Blades
  2919 | D:4      | Reached skill level 4 in Fire Magic
  3106 | D:3      | Reached skill level 1 in Fighting
  3106 | D:3      | Reached skill level 1 in Throwing
  3106 | D:3      | Reached XP level 5. HP: 40/40 MP: 4/8
  3785 | D:4      | Found a blossoming altar of Fedhas.
  3873 | D:5      | Entered Level 5 of the Dungeon
  3896 | D:4      | Learned a level 2 spell: Slow
  4592 | D:4      | Noticed an ogre
  4638 | D:3      | Killed an ogre
  4638 | D:3      | Reached skill level 1 in Summonings
  4638 | D:3      | Reached XP level 6. HP: 42/48 MP: 7/9
  5007 | D:5      | Learned a level 3 spell: Conjure Flame
  5130 | D:6      | Noticed a black bear
  5815 | D:6      | Found an iron altar of Okawaru.
  5832 | D:6      | Became a worshipper of Warmaster Okawaru
  5897 | D:6      | Found a bloodstained altar of Trog.
  5898 | D:6      | Noticed a black bear
  5934 | D:7      | Reached XP level 7. HP: 43/55 MP: 1/10
  6023 | D:7      | Noticed a hippogriff
  6239 | D:6      | Reached skill level 1 in Hexes
  6326 | D:6      | Found a staircase to the Ecumenical Temple.
  6335 | Temple   | Entered the Ecumenical Temple
  6412 | D:6      | Found a shimmering altar of Xom.
  6412 | D:6      | Found a shimmering blue altar of Sif Muna.
  6426 | D:6      | Found a shadowy altar of Dithmenos.
  6742 | D:6      | Found a radiant altar of Vehumet.
  6771 | D:6      | Found a white marble altar of Elyvilon.
  6957 | Temple   | Reached * piety under Okawaru
  7397 | D:7      | Reached skill level 1 in Armour
  7457 | D:6      | Reached XP level 8. HP: 11/62 MP: 3/12
  7774 | D:6      | Found a sacrificial altar of Ru.
  7901 | D:7      | Found an ornate altar of the Wu Jian Council.
  7950 | D:7      | Reached skill level 1 in Axes
  7950 | D:7      | Reached skill level 1 in Invocations
  7955 | D:7      | Reached skill level 1 in Evocations
  8017 | D:7      | HP: 3/62 [warg (9)]
  8021 | D:7      | Reached ** piety under Okawaru
  8556 | D:7      | Reached skill level 1 in Maces & Flails
  9150 | D:7      | Slain by a warg

Illustrated notes

Levels and vault maps discovered:
D:1:      wheals_arrival_shading, layout_loops_ring, roderic_lattice_a
D:2:      layout_loops_corners, lemuel_doored_altar, uniq_terence
D:3:      layout_loops_cross, dancing_weapons_uskayaw
D:4:      layout_basic, overflow_temple_1_default, first_ration
D:5:      layout_loops_ring
D:6:      layout_loops_ring, elyvilon_altar_5, trog_ov_bears_minmay,
          gammafunk_temple_overflow_forgotten, okawaru_ov_weapons_minmay,
          nicolae_overflow_crystal_walls, kennysheep_mini,
          minmay_temple_entry_waves
D:7:      lemuel_castle_with_subvaults [lemuel_castle_interior_carwin_2],
          layout_loops_ring, old_standard_altar
D:8:      layout_basic, kennysheep_little_box,
          gammafunk_ghost_berserking_beasts, basic_altar
Temple:   jpeg_temple_island

Skill      XL: |  1  2  3  4  5  6  7  8 |
---------------+-------------------------+-----
Short Blades   | 1 2 3 |  3.0
Fire Magic     | 4 |  4.7
Fighting       | 1 2 3 |  3.0
Throwing       | 1 2 |  2.2
Stealth        | 2 3 |  3.1
Spellcasting   | 2 3 |  3.1
Conjurations   | 2 3 |  3.1
Dodging        | 2 |  2.9
Summonings     | 1 2 |  2.8
Hexes          | 1 |  1.8
Armour         | 1 2 |  2.0
Axes           | 1 |  1.3
Invocations    | 1 |  1.8
Evocations     | 1 |  1.3
Maces & Flails | 1 |  1.2

Action                   |  1- 3 |  4- 6 |  7- 9 || total
-------------------------+-------+-------+-------++-------
Melee: Club              |    15 |       |       ||    15
       Short sword       |    51 |   136 |    33 ||   220
       Hand axe          |       |       |    29 ||    29
       Mace              |       |       |    71 ||    71
       Punch             |       |       |     1 ||     1
Throw: Dart              |       |     2 |     4 ||     6
 Cast: Foxfire           |    29 |    46 |     1 ||    76
       Call Imp          |       |     7 |    55 ||    62
       Conjure Flame     |       |       |     1 ||     1
Invok: Heroism           |       |       |     4 ||     4
Evoke: Wand              |       |       |     3 ||     3
  Use: Scroll            |     5 |    10 |     4 ||    19
       Potion            |       |     1 |       ||     1
 Stab: Sleeping          |     1 |     3 |       ||     4
       Invisible         |       |     1 |       ||     1
       Confused          |       |       |     2 ||     2
       Distracted        |       |       |     1 ||     1
  Eat: Chunk             |     5 |     7 |     4 ||    16
       Ration            |       |     2 |     4 ||     6
Armor: Robe              |    24 |    50 |    53 ||   127
Dodge: Dodged            |    63 |    89 |   128 ||   280
